 Dungeon Crawl Stone Soup version 0.30-a0-390-g80c34de65d (webtiles) character file.

Game seed: 17802572478444541563

371 MTVSty1e the Chopper (level 6, -10/57 HPs)
             Began as a Minotaur Fighter on Dec 4, 2022.
             Was an Initiate of Okawaru.
             Mangled by Menkaure (17 damage)
             ... on level 5 of the Dungeon.
             The game lasted 00:04:04 (3571 turns).

MTVSty1e the Chopper (Minotaur Fighter)             Turns: 3571, Time: 00:04:05

Health: -10/57     AC: 11    Str: 22    XL:     6   Next: 42%
Magic:  5/5        EV:  9    Int:  5    God:    Okawaru [......]
Gold:   63         SH:  4    Dex: 10    Spells: 5/5 levels left

rFire   . . .      SeeInvis .    a - +0 war axe
rCold   . . .      Faith    .    c - +0 buckler
rNeg    . . .      Spirit   .    b - +0 scale mail
rPois   .          Reflect  .    (helmet restricted)
rElec   .          Harm     .    C - +0 cloak
rCorr   .          Rampage  .    J - +1 pair of gloves
Will    .....                    t - +0 pair of boots
Stlth   ..........               (no amulet)
HPRegen 0.29/turn                (no ring)
MPRegen 0.09/turn                (no ring)

@: no status effects
A: horns 2, retaliatory headbutt
a: Renounce Religion


You were on level 5 of the Dungeon.
You worshipped Okawaru.
Okawaru was noncommittal.
You visited 2 branches of the dungeon, and saw 6 of its levels.

You collected 273 gold pieces.
You spent 210 gold pieces at shops.

Inventory:

Hand Weapons
 a - a +0 war axe (weapon)
Missiles
 H - 2 throwing nets (quivered)
Armour
 b - a +0 scale mail (worn)
 c - a +0 buckler (worn)
 t - a +0 pair of boots (worn)
 C - a +0 cloak (worn)
 J - a +1 pair of gloves (worn)
Jewellery
 s - a ring of fire
 E - a ring of magical power
 F - a ring of flight
Wands
 A - a wand of mindburst (6)
 G - a wand of flame (18)
Scrolls
 e - a scroll of teleportation {unknown}
 f - 4 scrolls of poison {unknown}
 g - a scroll of immolation {unknown}
 h - a scroll of vulnerability {unknown}
 i - 5 scrolls of identify {unknown}
 j - a scroll of silence {unknown}
 k - 2 scrolls of blinking {unknown}
 n - a scroll of torment {unknown}
 o - 2 scrolls of enchant weapon {unknown}
 v - a scroll of fear {unknown}
 y - 2 scrolls of magic mapping {unknown}
 z - a scroll of brand weapon {unknown}
Potions
 d - a potion of might
 l - a potion of ambrosia {unknown}
 m - 2 potions of curing
 p - a potion of heal wounds {unknown}
 q - a potion of mutation {unknown}
 r - a potion of invisibility {unknown}
 u - a potion of lignification {unknown}
 w - a potion of degeneration {unknown}
 x - 2 potions of berserk rage {unknown}
 B - 2 potions of attraction {unknown}
 D - a potion of flight {unknown}
 I - a potion of magic {unknown}


   Skills:
 + Level 5.8 Fighting
 * Level 7.0 Axes
 - Level 3.6 Armour
 - Level 3.6 Shields


You had 5 spell levels left.
You didn't know any spells.
Your spell library contained the following spells:

 Spells                   Type           Power      Damage    Failure   Level
 Shock                    Conj/Air       0%         1d3       88%         1
 Hailstorm                Conj/Ice       0%         3d3       99%         3
 Swiftness                Air            0%         N/A       99%         3
 Airstrike                Air            0%         2d(0-16)  100%        4
 Ice Form                 Ice/Tmut       0%         N/A       100%        4
 Simulacrum               Ice/Necr       Unusable   N/A       N/A         6

Dungeon Overview and Level Annotations

Branches:
Dungeon (5/15)             Temple (1/1) D:4

Altars:
Ashenzari
Cheibriados
Fedhas
Gozag
Hepliaklqana
Kikubaaqudgha
Makhleb
Nemelex Xobeh
Okawaru
Qazlal
Sif Muna
Trog
Uskayaw
Vehumet
Wu Jian
Yredelemnul
Zin
The Shining One

Shops:
D:4 [

Annotations:
D:5 Menkaure


Innate Abilities, Weirdness & Mutations

You have a pair of horns on your head.
You reflexively headbutt those who attack you in melee.


Message History

You hit the iguana.
You headbutt the iguana, but do no damage.
The iguana is moderately wounded.
The iguana closely misses you.
You slash the iguana! You headbutt the iguana.
You kill the iguana!
Okawaru accepts your kill.
Your Axes skill increases to level 7!
No target in view!
No target in view!
You open the door.
There is an open door here.
Menkaure, Prince of Dust comes into view.
Menkaure shouts!
Menkaure is nearby!
An iguana comes into view.
The iguana hisses angrily.
There are monsters nearby!
You hit Menkaure. You headbutt Menkaure.
Menkaure is moderately damaged.
Menkaure calls on the powers of darkness!
The iguana convulses!
Your body is wracked with pain!
You completely miss Menkaure.
Menkaure is moderately damaged.
Menkaure casts a spell.
Menkaure seems to speed up.
You slash Menkaure!
Menkaure is heavily damaged.
Menkaure calls on the powers of darkness!
The iguana convulses!
Your body is wracked with pain!
* * * LOW HITPOINT WARNING * * *
Menkaure hits you!
* * * LOW HITPOINT WARNING * * *
You are too injured to fight recklessly!
You are too injured to fight recklessly!
Okay, then.
You hit Menkaure. Your headbutt misses Menkaure.
Menkaure is heavily damaged.
Menkaure hits you!
You die...

######
#....#
#....#
#..†.#####
+....'...#
#...<###.#
.......##
#.#
######+#
#.# #@#
#M# #l#
#.# ...
#.# #.#
#.#


You could see Menkaure (fast) and an iguana.

Vanquished Creatures
  2 orc priests (D:3)
  Crazy Yiuf (D:3)
  2 iguanas
  An orc wizard (D:3)
  4 gnolls (D:4)
  7 adders
  9 worms
  3 dart slugs
  5 orcs
  6 ball pythons
  2 bats
  9 endoplasms
  4 giant cockroaches
  3 goblins
  5 hobgoblins
  2 jackals (D:4)
  2 quokkas (D:1)
  5 frilled lizards
  6 kobolds
  2 rats
80 creatures vanquished.

Notes
Turn   | Place    | Note
-------+----------+-------------------------------------------
     0 | D:1      | MTVSty1e the Minotaur Fighter began the quest for the Orb.
     0 | D:1      | Reached XP level 1. HP: 19/19 MP: 0/0
   251 | D:1      | Reached skill level 3 in Axes
   278 | D:1      | Reached XP level 2. HP: 25/27 MP: 1/1
   799 | D:2      | Reached XP level 3. HP: 17/33 MP: 2/2
  1011 | D:2      | Reached skill level 4 in Axes
  1349 | D:2      | Reached XP level 4. HP: 37/41 MP: 3/3
  1710 | D:4      | Reached skill level 5 in Axes
  1774 | D:4      | Found a staircase to the Ecumenical Temple.
  1786 | Temple   | Entered the Ecumenical Temple
  1864 | Temple   | Became a worshipper of Warmaster Okawaru
  1970 | D:3      | Reached XP level 5. HP: 33/47 MP: 4/4
  1977 | D:3      | Reached skill level 5 in Fighting
  2160 | D:3      | Reached skill level 6 in Axes
  2224 | D:3      | Found a runed translucent door.
  2225 | D:3      | Noticed Crazy Yiuf
  2230 | D:3      | Killed Crazy Yiuf
  2514 | D:3      | Found a faded altar of an unknown god.
  2863 | D:4      | Reached XP level 6. HP: 48/56 MP: 5/5
  3325 | D:4      | Found Joacang's Antique Armour Shoppe.
  3333 | D:4      | Bought a pair of glowing gloves for 210 gold pieces
  3423 | D:4      | Noticed a water moccasin
  3553 | D:5      | Entered Level 5 of the Dungeon
  3558 | D:5      | Reached skill level 7 in Axes
  3564 | D:5      | Noticed Menkaure
  3571 | D:5      | Mangled by Menkaure

Illustrated notes

Levels and vault maps discovered:
D:1:      sevenhm_arrival_forest_fort_small_3, layout_loops_ring,
          minmay_hedge_maze
D:2:      layout_loops_ring, minmay_tripent
D:3:      layout_rooms, hellmonk_ecumenical_altar_slurped_away,
          grunt_decor_clamped, uniq_crazy_yiuf_cottage
D:4:      layout_cave_pools, minmay_temple_entry_trees, serial_shops, shop,
          lightli_corner_chamber
D:5:      layout_basic, nicolae_ru_great_annihilating_truth, chequers_arboretum,
          st_stairs_6, uniq_ijyb, uniq_menkaure
Temple:   regret_index_temple_mists

Skill      XL: |  1  2  3  4  5  6 |
---------------+-------------------+-----
Axes           | 3 4 5 6 7 |  7.0
Fighting       | 4 5 |  5.8
Armour         | |  3.6
Shields        | |  3.6

Action                   |  1- 3 |  4- 6 || total
-------------------------+-------+-------++-------
Melee: War axe           |    65 |   115 ||   180
       Headbutt          |    10 |    21 ||    31
  Use: Potion            |       |     1 ||     1
Armor: Scale mail        |    21 |    48 ||    69
Dodge: Dodged            |    32 |    51 ||    83
Block: Buckler           |    10 |    22 ||    32

Table legend: (Time is in decaauts)
 A = Elapsed time spent in this place.
 B = Non-inter-level travel time spent in this place.
 C = Inter-level travel time spent in this place.
 D = Time resting spent in this place.
 E = Time spent auto-exploring this place.
 F = Levels seen in this place.
 G = Mean time per level.
                   A        B        C        D        E       F      G
               +--------+--------+--------+--------+--------+-----+--------+
         Total |   3675 |   3506 |    169 |    568 |   2357 |   6 |  612.5 |
       Dungeon |   3461 |   3314 |    147 |    568 |   2190 |   5 |  692.2 |
        Temple |    214 |    192 |     22 |      0 |    167 |   1 |  214.0 |
               +--------+--------+--------+--------+--------+-----+--------+

Top non-repeatable levels by time:
     D:3: 1096 daAuts
     D:4: 816 daAuts
     D:2: 780 daAuts
     D:1: 749 daAuts
  Temple: 214 daAuts
     D:5: 18 daAuts
